 Dungeon Crawl Stone Soup version 0.20.1-1-g8b1a95d (webtiles) character file.

121 dohliylev the Covert (level 4, -3/33 HPs)
             Began as a Vampire Assassin on Dec 3, 2017.
             Was an Initiate of Nemelex Xobeh.
             Killed by nerve-wracking pain
             ... invoked by Grinder
              (7 damage)
             ... on level 3 of the Dungeon.
             The game lasted 00:07:05 (2433 turns).

dohliylev the Covert (Vampire Assassin)             Turns: 2433, Time: 00:07:06

Health: -3/33      AC:  4    Str: 10    XL:     4   Next: 76%
Magic:  4/4        EV:  7    Int: 13    God:    Nemelex Xobeh [......]
Gold:   171        SH: 11    Dex: 16    Spells: 3/3 levels left

rFire    . . .     SeeInvis +   b - +0 blowgun
rCold    . . .     Gourm    .   k - +0 large shield
rNeg     . . .     Faith    .   c - +0 robe
rPois    .         Spirit   .   v - +0 helmet
rElec    .         Reflect  .   d - +0 cloak
rCorr    .         Harm     .   (no gloves)
MR       .....                  (no boots)
Stlth    ++++......             (no amulet)
Regen    0.4/turn               (no ring)
MPRegen  0.1/turn               (no ring)

@: regenerating quickly
A: fangs 3, see invisible, unbreathing
a: Renounce Religion


You were on level 3 of the Dungeon.
You worshipped Nemelex Xobeh.
Nemelex Xobeh was noncommittal.
You were almost alive.

You visited 1 branch of the dungeon, and saw 3 of its levels.

You collected 171 gold pieces.

Inventory:

Hand Weapons
 b - a +0 blowgun (weapon)
 u - a +4 dagger of flaming
Missiles
 e - 23 poisoned needles (quivered)
 f - 2 curare-tipped needles
Armour
 c - a +0 robe (worn)
 d - a +0 cloak (worn)
 k - a +0 large shield (worn)
 v - a +0 helmet (worn)
Scrolls
 i - 2 scrolls of enchant weapon {unknown}
 j - a scroll of amnesia {unknown}
 l - 4 scrolls of remove curse {unknown}
 n - 2 scrolls of identify {unknown}
 q - a scroll of fog {unknown}
 r - 2 scrolls of enchant armour {unknown}
 w - a scroll of teleportation {unknown}
Potions
 g - 5 potions of blood
 h - 2 potions of haste {unknown}
 m - a potion of heal wounds {unknown}
 o - a potion of resistance {unknown}
 p - a potion of curing {unknown}
 s - a potion of might {unknown}
Miscellaneous
 t - a plain deck of summoning


   Skills:
 - Level 1.7 Fighting
 - Level 2.1 Short Blades
 - Level 1.5 Throwing
 - Level 1.1 Dodging
 + Level 8.9 Stealth
 + Level 1.3 Shields


You had 3 spell levels left.
You didn't know any spells.

Dungeon Overview and Level Annotations

Branches:
Dungeon (3/15)

Altars:
Fedhas
Makhleb
Nemelex Xobeh
Ru
Sif Muna
Uskayaw
Zin

Annotations:
D:3 Grinder


Innate Abilities, Weirdness & Mutations

Your natural rate of healing is unusually fast.
You have razor-sharp teeth.
You have supernaturally acute eyesight. (SInv)
You can survive without breathing.


Message History

b - a +0 blowgun (weapon)
Firing (i - inventory. (,) - cycle):
e - 24 poisoned needles (quivered)
Press: ? - help, Shift-Dir - straight line, f - worm
Aim: a worm You shoot a poisoned needle.
The poisoned needle hits the worm.
Grinder gestures at you.
You suddenly lose the ability to move!
The worm bites you! Grinder gestures at you. Pain shoots through your body!
The worm bites you! Grinder hits you.
* * * LOW HITPOINT WARNING * * *
You writhe in agony.
* * * LOW HITPOINT WARNING * * *
You can move again.
You see here a +2 dagger.
Grinder gestures at you. Pain shoots through your body!
You die...
Your body disappears without a glow.

.........#
#.......######
#.............
#.......?..... #.
....###(###.### ##.
... #.# #.# #..... ..
....###.###.#
#.#..#..
##.....w##.####.##.#.
.......5)@...........
#####............##.#
#.#..........##.#
#.#........#....##
.....#..##.#...(.#
##.#####.##.#...#[#
#. ........#)..#รท# #
####.#..#...#[#
#.#..#.[.#<#


You could see Grinder and a worm.

Vanquished Creatures
  Robin (D:3)
  4 adders
  An ooze (D:2)
  3 dart slugs
  2 leopard geckos (D:1)
  4 orcs
  A ball python (D:1)
  2 giant cockroaches
  11 goblins
  7 hobgoblins
  3 jackals (D:1)
  7 bats
  4 kobolds
  7 rats
57 creatures vanquished.

Notes
Turn   | Place    | Note
-------+----------+-------------------------------------------
     0 | D:1      | dohliylev the Vampire Assassin began the quest for the Orb.
     0 | D:1      | Reached XP level 1. HP: 16/16 MP: 1/1
    31 | D:1      | Reached skill level 6 in Stealth
   303 | D:1      | Reached XP level 2. HP: 22/22 MP: 2/2
   481 | D:1      | Reached skill level 7 in Stealth
  1119 | D:2      | Reached XP level 3. HP: 16/27 MP: 3/3
  1136 | D:2      | Found a glowing silver altar of Zin.
  1302 | D:2      | Reached skill level 8 in Stealth
  1433 | D:2      | Found a hide-covered altar of Uskayaw.
  1436 | D:2      | Noticed a dagger
  1436 | D:2      | Noticed a dagger
  1658 | D:2      | Reached XP level 4. HP: 28/33 MP: 4/4
  1659 | D:2      | Found a sparkling altar of Nemelex Xobeh.
  1663 | D:2      | Became a worshipper of Nemelex Xobeh the Trickster
  1703 | D:2      | Received a gift from Nemelex Xobeh
  1808 | D:2      | Found a deep blue altar of Sif Muna.
  1810 | D:2      | Found a blossoming altar of Fedhas.
  1812 | D:2      | Found a burning altar of Makhleb.
  1814 | D:2      | Found a sacrificial altar of Ru.
  2086 | D:3      | Reached skill level 1 in Shields
  2094 | D:3      | Noticed Robin
  2366 | D:3      | Killed Robin
  2414 | D:3      | Noticed Grinder
  2426 | D:3      | Paralysed by Grinder for 6 turns
  2433 | D:3      | Killed from afar by Grinder

Skill      XL: |  1  2  3  4 |
---------------+-------------+-----
Stealth        | 6 7 8 |  8.9
Shields        | 1 |  1.3
Fighting       | |  1.7
Short Blades   | |  2.1
Throwing       | |  1.5
Dodging        | |  1.1

Action                   |  1- 3 |  4- 6 || total
-------------------------+-------+-------++-------
Melee: Dagger            |   106 |    69 ||   175
       Bite              |     3 |     5 ||     8
 Fire: Blowgun           |       |     1 ||     1
 Abil: End Transformatio |     1 |       ||     1
       Bat Form          |     1 |       ||     1
  Use: Potion            |       |     6 ||     6
 Stab: Sleeping          |    10 |     1 ||    11
  Eat: Corpse            |     8 |     2 ||    10
Armor: Robe              |    33 |     6 ||    39
Dodge: Dodged            |    36 |    15 ||    51
Block: Large shield      |    40 |    26 ||    66
